cohdb
Replays
Latest Replays
All Replays
Popular Replays
Top Player Replays
Match Explorer
How It Works
Community
CoH3 Stats
Reddit
Sign in to upload your games and track your stats! →
Sign in with Steam
Match 41385556
Unlisted
Match 41385556
Overview
Messages
Build Orders
End
Kradschützen Motorcycle Team
Selects Armored Support Battlegroup
Panzergrenadier Squad
Panzergrenadier Squad
250 Light Carrier
Construct Light Support Kompanie
Combat Half-tracks
Selects Salvage Kits
Panzergrenadier Squad
Selects Superior Fire Drills
Fire Support Elements
Assault Mechanized Group
Flakvierling Half-track
Panzergrenadier Squad
Pak 38 Anti-tank Gun Team
2.5-tonne Medical Truck
Flakvierling Half-track
Selects Flammpanzer III Medium Tank
Tungsten Core Ammunition
USHALLNOTPASS
WadoVice
0
0
Comments
sign in to comment!
No comments posted yet!